[Event "Late-Titled-Tuesday-Blitz-March-19-2024"]
[Site "Chess.com"]
[Date "2024.03.19"]
[Round "5"]
[White "RichardLeyvaP"]
[Black "Supelyel"]
[Result "1-0"]
[WhiteElo "2547"]
[BlackElo "2385"]
[TimeControl "180+1"]
[EndTime "14:56:35 PDT"]
[Termination "RichardLeyvaP won by resignation"]

1. e4 d6 2. d4 Nf6 3. Nc3 e5 4.
Nf3 Nbd7 5. g4 Nxg4 6. Rg1 Ngf6 7. Bc4 h6 8. dxe5 dxe5 9. Qd3 c6 10. Be3 Qa5 11.
O-O-O b5 12. Bb3 Ba6 13. Nd2 Qc7 14. a4 Rb8 15. axb5 cxb5 16. Kb1 g5 17. h4 g4 18. f3 Rg8 19. fxg4 Rxg4 20. Rxg4 Nxg4 21. Nd5 Qc6 22.
Qe2 Ndf6 23. Bxa7 Ra8 24. Bb6 Bd6 25. Nxf6+ Nxf6 26. Be3 Bc8 27. Rf1 Be7 28. Bxh6 Qa6 29. Kc1 Bg4 30. Bxf7+ Kxf7 31. Qxg4 Qa1+ 32. Nb1 Rg8 33.
Qf5 Qa6 34. Qxe5 Rg6 35. Bg5 Qe6 36. Qxb5 Kg8 37. Re1 Ng4 38. Nc3 Bxg5+ 39. hxg5 Qe7 40. Qb8+ Kg7 41. Qf4 Qxg5 42. Qxg5 Rxg5 43. b3 Kf6 44. Kb1 Ke5 45. Kb2 Nf6 46. Rd1 Rg2 47. Rd3 Rf2 48. Rd8 Ke6 49. Ra8 Ke5 50. Ra5+ Ke6 51. Rc5 Nd7 52. Rc4 Ne5 53. Rd4 Nf3 54. Rd5 Ne5 55.
b4 Nf3 56. b5 Ne1 57. Kb3 Nxc2 58. Rh5 Nd4+ 59. Kc4 Nf3 60. Rh6+ Ke7 61. b6 Rf1 62.
Nd5+ Kd7 63. b7 Rb1 64. Nb4 Ne5+ 65. Kc3 Rc1+ 66. Kb2 Rc7 67. b8=Q Nc4+ 68. Kb3 Nd6 69. Rxd6+ 1-0

[Event "Late-Titled-Tuesday-Blitz-March-19-2024"]
[Site "Chess.com"]
[Date "2024.03.19"]
[Round "5"]
[White "mirochka"]
[Black "szachmistrz2500"]
[Result "1-0"]
[WhiteElo "2282"]
[BlackElo "2451"]
[TimeControl "180+1"]
[EndTime "14:56:35 PDT"]
[Termination "mirochka won on time"]

1. e4 c5 2. b4 b6 3. bxc5 bxc5 4. Nc3 d6 5. Rb1 Nd7 6. Nf3 Ngf6 7. d4 cxd4 8. Nxd4 e5 9. Nc6 Qc7 10. Bb5 Ba6 11. Nd5 Nxd5 12. exd5 Bxb5 13. Rxb5 Be7 14.
O-O Bf6 15. c4 O-O 16. Ba3 Rfe8 17. Qb3 Nb6 18. Rb1 e4 19. Bb2 Bxb2 20. Rxb2 e3 21.
fxe3 Re4 22. Rc2 Rae8 23. Rc3 h5 24. a4 Nd7 25. Rb7 Qc8 26. Nxa7 Qd8 27. Nc6 Qc8 28.
a5 Nc5 29. Rb8 Nxb3 30. Rxc8 Rxc8 31. Rxb3 Kh7 32. a6 Rxc4 33. a7 Ra4 34. Rb8 Rxc6 35. dxc6 Rxa7 36. Rd8 Ra2 37. Rxd6 Rc2 38. Rd7 Kg6 39.
c7 f6 40. Kf1 Kh6 41. Ke1 g6 42. Kd1 Rc6 43. Kd2 Kg5 44. Kd3 Kf5 45. Kd4 Ke6 46. Rg7 g5 47. e4 Rc1 48. Rh7 h4 49. h3 Rc2 50. Rg7 Kd6 51. Rf7 Ke6 52. Rh7 Kd6 53. Rh6 Ke6 54. e5 Rxc7 55. Rxf6+ Ke7 56. Rg6 Rc2 57.
Rxg5 Ke6 58. Rg4 Kf5 59. Kd3 Ra2 60. Ke3 Kxe5 61. Kf3 Ra3+ 62. Kf2 Ra2+ 63. Kg1 Ra3 64. Kh2 Kf5 65. Rxh4 Kg5 66. Rb4 Rc3 67. Rb5+ Kh4 68.
g3+ 1-0

[Event "Late-Titled-Tuesday-Blitz-March-19-2024"]
[Site "Chess.com"]
[Date "2024.03.19"]
[Round "5"]
[White "Ticoluis"]
[Black "Mikhail_Golubev"]
[Result "0-1"]
[WhiteElo "2527"]
[BlackElo "2724"]
[TimeControl "180+1"]
[EndTime "14:56:38 PDT"]
[Termination "Mikhail_Golubev won by resignation"]

1. e4 c5 2. Nf3 d6 3. Bb5+ Bd7 4.
Bxd7+ Nxd7 5. O-O Ngf6 6. Re1 e6 7. c3 Be7 8. d4 O-O 9. e5 Ne8 10. exd6 Nxd6 11. Na3 cxd4 12. Nxd4 Nf6 13. Bf4 Nd5 14. Be5 Rc8 15. Qb3 Bf6 16. Bxd6 Qxd6 17.
Rad1 a6 18. Nc4 Qc7 19. Ne3 Nf4 20. g3 Ng6 21. Ng4 Be7 22. Nf3 Rcd8 23. Nge5 Nxe5 24. Nxe5 Rxd1 25. Qxd1 Rd8 26. Qf3 Bd6 27. Ng4 Bf8 28. Rd1 Rxd1+ 29. Qxd1 Qc4 30. a3 Qa2 31. Qc1 h5 32.
Ne5 Bd6 33. Nf3 Qd5 34. Kg2 f6 35. h4 e5 36. Qd2 Qc6 37. Kg1 Bc5 38. Ne1 Qe4 39.
Qd8+ Kh7 40. Qd3 Qxd3 41. Nxd3 Be7 42. Kf1 Kg6 43. Ke2 Kf5 44. f3 e4 45. Nf4 exf3+ 46.
Kxf3 g6 47. Nd5 Bd6 48. Ne3+ Ke6 49. g4 hxg4+ 50. Kxg4 Be7 51. Kf3 f5 52. Ng2 Bf6 53.
h5 gxh5 54. Nf4+ Kf7 55. Nxh5 Be5 56. Nf4 Bxf4 57. Kxf4 Kf6 58. c4 Ke6 59. b4 Kf6 60. a4 Ke6 61. a5 Kf6 62. b5 Ke6 63. c5 axb5 64. c6 Kd6 65. cxb7 Kc7 66. a6 b4 67. Ke3 b3 68. Kd3 f4 69. Kc3 f3 70. Kxb3 f2 71. Kc4 f1=Q+ 72. Kd5 Qxa6 0-1

[Event "Late-Titled-Tuesday-Blitz-March-19-2024"]
[Site "Chess.com"]
[Date "2024.03.19"]
[Round "5"]
[White "zverr1"]
[Black "Piriflillo"]
[Result "0-1"]
[WhiteElo "2533"]
[BlackElo "2373"]
[TimeControl "180+1"]
[EndTime "14:56:39 PDT"]
[Termination "Piriflillo won on time"]

1. e4 d5 2. exd5 Qxd5 3. Nc3 Qa5 4. d4 Nf6 5. Bc4 c6 6. Nf3 Bg4 7. h3 Qh5 8. Bf4 Bxf3 9. Qxf3 Qxf3 10. gxf3 e6 11.
O-O-O Nbd7 12. Rhe1 Nb6 13. Bb3 O-O-O 14. Ne4 Nfd5 15.
Bd2 Be7 16. Ba5 Bb4 17. Bxb4 Nxb4 18. Ng5 Rd7 19. Nxf7 Rxf7 20. Bxe6+ Rd7 21. a3 N4d5 22. Re4 Kc7 23. Bxd7 Kxd7 24. Rg1 g6 25. b3 Rf8 26. c4 Nc7 27. Rge1 Nc8 28. f4 Re8 29. f5 Rxe4 30.
Rxe4 gxf5 31. Rh4 Ne7 32. Rxh7 Ne6 33. Rh4 Ng6 34. Rh6 Ne7 35. d5 cxd5 36. cxd5 Nxd5 37. Rh7+ Ne7 38. Kb2 Kd6 39. b4 Ng5 40. Rh6+ Ke5 41.
h4 Ne4 42. Rh7 Kf6 43. f3 Nd2 44. f4 Nc4+ 45. Kb3 Ne3 46. h5 N3d5 47. Rh8 Nxf4 48. h6 Nfg6 49. Ra8 a6 50. h7 Kg7 51. Ra7 Kxh7 52.
Rxb7 f4 53. Rd7 Kh6 54. Rd3 Kg5 55. a4 Ne5 56. Rd1 f3 57. Re1 Kf4 58. Rf1 Nf5 59.
b5 a5 60. b6 Nd6 61. Kc2 Ke3 62. Re1+ Kd4 63. Rf1 Kc5 64. Kd2 Kxb6 65. Ke3 Ndc4+ 66. Kd4 Kc6 0-1

[Event "Late-Titled-Tuesday-Blitz-March-19-2024"]
[Site "Chess.com"]
[Date "2024.03.19"]
[Round "5"]
[White "karinachess1"]
[Black "mind1mover"]
[Result "1/2-1/2"]
[WhiteElo "2642"]
[BlackElo "2812"]
[TimeControl "180+1"]
[EndTime "14:56:40 PDT"]
[Termination "Game drawn by repetition"]

1. d4 d5 2. c4 dxc4 3. e3 Nf6 4.
Bxc4 e6 5. Nf3 c5 6. O-O Nc6 7. Qe2 a6 8. a3 b5 9. Ba2 Bb7 10. Rd1 Qc7 11. Nc3 Rd8 12. d5 exd5 13. Nxd5 Nxd5 14.
Bxd5 Be7 15. e4 O-O 16. Be3 c4 17. Bg5 h6 18. Bxe7 Nxe7 19. Bxb7 Qxb7 20. Qe3 Nc6 21. Qc5 Na5 22. Rxd8 Rxd8 23. Re1 Nb3 24. Qe3 Qe7 25. h3 Nc5 26. Nd4 Nd3 27. Nc6 Qd7 28. Nxd8 Nxe1 29. Qxe1 Qxd8 30. e5 Qd5 31. Qc3 Qd1+ 32. Kh2 g5 33. Qe3 Qd3 34. Qc5 Qe4 35. Qe7 Qf4+ 36. Kg1 Qc1+ 37. Kh2 Qxb2 38. Qd8+ Kh7 39. Qf6 Kg8 40.
Qd8+ Kg7 41. Qf6+ Kh7 42. Qxf7+ Kh8 43. Qf8+ Kh7 44. Qf7+ Kh8 45. e6 Qe5+ 46. g3 Qg7 47. Qe8+ Qg8 48. Qc6 Qf8 49. Qd7 Qxf2+ 50. Kh1 Qf1+ 51.
Kh2 Qf2+ 52. Kh1 Qe1+ 53. Kh2 Qe2+ 54. Kh1 Qd3 55. Qe8+ Kg7 56. Qf7+ Kh8 57. e7 Qd1+ 58.
Kh2 Qe2+ 59. Kg1 Qe1+ 60. Kg2 Qd2+ 61. Kh1 Qc1+ 62. Kh2 Qc2+ 63. Kh1 Qb1+ 64. Kh2 Qb2+ 65. Kh1 Qa1+ 66. Kh2 Qa2+ 67. Kh1 Qb1+ 68. Kh2 Qc2+ 69. Kh1 Qe4+ 70. Kh2 Qe2+ 71. Kh1 Qe1+ 72. Kh2 Qd2+ 73.
Kh1 Qd1+ 74. Kh2 Qc2+ 1/2-1/2

[Event "Late-Titled-Tuesday-Blitz-March-19-2024"]
[Site "Chess.com"]
[Date "2024.03.19"]
[Round "5"]
[White "Muracle"]
[Black "ameetghasi100"]
[Result "0-1"]
[WhiteElo "2597"]
[BlackElo "2788"]
[TimeControl "180+1"]
[EndTime "14:56:43 PDT"]
[Termination "ameetghasi100 won on time"]

1. d4 g6 2. Nf3 Nf6 3. g3 Bg7 4. Bg2 O-O 5. O-O d5 6. c4 dxc4 7. Na3 c3 8. bxc3 c5 9. Rb1 Nc6 10. Ne5 Nd5 11. Qb3 Be6 12. Nxc6 bxc6 13. c4 Nb4 14. dxc5 a5 15. Rd1 Qc8 16. Bd2 Rb8 17. Bf4 Rb7 18. Qa4 Bf5 19. e4 Bg4 20. f3 Be6 21. Qxa5 Nxa2 22. Rxb7 Qxb7 23. Rb1 Qd7 24. Nc2 Nc3 25. Re1 Bxc4 26. Ne3 Qd2 27. Ra1 Bb5 28.
Nf5 Qb2 29. Nxg7 Ne2+ 30. Kh1 Nxf4 31. gxf4 Kxg7 32. Rg1 Qd4 33. Qa1 Rd8 34. Qxd4+ Rxd4 35. Rc1 Rd2 36. Kg1 Kf6 37. Bf1 Bxf1 38. Kxf1 Rxh2 39.
Kg1 Rb2 40. Kf1 g5 41. fxg5+ Kxg5 42. Rd1 Rc2 43. Rd7 Kf6 44. Rc7 Rxc5 45. Ke2 h5 46.
Ke3 Rc3+ 47. Kd4 Rxf3 48. Rxc6+ e6 49. Rc7 h4 50. e5+ Kg6 51. Rc8 Kg7 52. Rc2 h3 53. Ke4 Ra3 54. Rh2 Kg6 55. Kf4 Kh5 56. Rh1 Kh4 57. Rh2 Rb3 58. Rh1 Rb4+ 59. Kf3 Rb2 60. Kf4 h2 61. Kf3 Kh3 62. Rc1 Rb3+ 63. Kf2 Rb2+ 64.
Kf3 Rd2 65. Kf4 Rg2 66. Rc8 Rg7 67. Rh8+ Kg2 0-1

[Event "Late-Titled-Tuesday-Blitz-March-19-2024"]
[Site "Chess.com"]
[Date "2024.03.19"]
[Round "5"]
[White "andrzej"]
[Black "ChessSwole"]
[Result "0-1"]
[WhiteElo "2511"]
[BlackElo "2697"]
[TimeControl "180+1"]
[EndTime "14:56:45 PDT"]
[Termination "ChessSwole won by checkmate"]

1. e4 c6 2. d4 d5 3. e5 Bf5 4. h4 h5 5. Bd3 Bxd3 6. Qxd3 Qa5+ 7.
Nd2 e6 8. Nf3 Nh6 9. O-O Nf5 10.
Nb3 Qa6 11. Qd1 Be7 12. Bg5 Bxg5 13. Nxg5 Nxh4 14. Qd2 Nd7 15. c3 Nf5 16. Qf4 Qe2 17. Rab1 Qg4 18. Nh3 Nh4 19. Qxg4 hxg4 20. Nf4 g5 21. Nd3 O-O-O 22. Nd2 Rh6 23. Rfe1 Rdh8 24. Nf1 Kc7 25. Re3 Nf5 26. Ng3 Nxe3 27. fxe3 f5 28.
exf6 Rxf6 29. Nf2 Rh4 30. e4 Nb6 31. b3 a5 32. Re1 Kd7 33. e5 Rf7 34. Nd3 Rh6 35.
Nf2 Rh4 36. Nd3 Kc7 37. Nc5 Rh6 38. Rc1 Nd7 39. Nd3 b6 40. Nf2 Rh4 41. c4 Kb7 42. cxd5 cxd5 43. a4 Nb8 44. Ne2 Rc7 45. Nc3 g3 46.
Nd3 Rxd4 47. Ne1 Rb4 48. Ne2 Rxc1 49. Nxc1 Nc6 50. Ned3 Re4 51. Kf1 Nxe5 52. Nb2 Ng4 53. Ne2 Ne3+ 54. Kg1 Nxg2 55. Nxg3 Ne1 56. Nxe4 dxe4 57.
Nc4 Nd3 58. Nd6+ Kc6 59. Nxe4 g4 60. Kg2 Nc5 61. Nf6 Nxb3 62. Nxg4 Nc5 63. Ne3 Nxa4 64.
Kf3 Nc3 65. Nc2 e5 66. Ke3 Kc5 67. Kd3 Nd5 68. Na3 b5 69. Nb1 b4 70. Nd2 a4 71. Ne4+ Kb5 72. Nd6+ Ka5 73. Nc4+ Ka6 74.
Nxe5 Kb5 75. Nc4 Nf4+ 76. Kc2 Kxc4 77. Kb2 a3+ 78. Ka2 Kc3 79. Ka1 Kc2 80. Ka2 b3+ 81. Ka1 b2+ 82. Ka2 b1=Q+ 83. Kxa3 Qb3# 0-1

[Event "Late-Titled-Tuesday-Blitz-March-19-2024"]
[Site "Chess.com"]
[Date "2024.03.19"]
[Round "5"]
[White "SpeedofLight0"]
[Black "Marcan2b"]
[Result "0-1"]
[WhiteElo "3065"]
[BlackElo "2934"]
[TimeControl "180+1"]
[EndTime "14:56:48 PDT"]
[Termination "Marcan2b won by checkmate"]

1. d4 Nf6 2. Nc3 e6 3. Bf4 Bb4 4. e3 O-O 5. Bd3 d6 6. Bg5 h6 7. Bh4 e5 8. a3 Bxc3+ 9. bxc3 Re8 10. Ne2 Nbd7 11. O-O e4 12. Bc4 Nf8 13. Qd2 c6 14. Bb3 d5 15. c4 dxc4 16. Bxc4 Be6 17. Bxe6 Rxe6 18. c4 Ng6 19. Bg3 Nh5 20. Rab1 b6 21. Rfd1 Re8 22. d5 c5 23. Nc3 Qd7 24. a4 Nxg3 25. hxg3 h5 26. Qe2 Re5 27. a5 bxa5 28. Rb5 Rc8 29. Rdb1 h4 30. Rb7 Qf5 31. g4 Qf6 32. Rb8 Rxb8 33. Rxb8+ Kh7 34. Qc2 Qe7 35. Kf1 a4 36. Qxa4 h3 37. gxh3 Qh4 38. Qd7 Qxh3+ 39. Ke1 Qf3 40. Re8 Nf4 41. Rxe5 Nd3+ 42.
Kd2 Qxf2+ 43. Ne2 Nxe5 44. Qf5+ Qxf5 45. gxf5 Nxc4+ 46. Kc3 Nxe3 47. d6 Nd5+ 48. Kc4 Nb6+ 49. Kxc5 g6 50. Ng3 Kg7 51. fxg6 Kxg6 52. Nxe4 f5 53. Nf2 Kf6 54. Kc6 Ke6 55. Kb7 Kxd6 56.
Kxa7 Nd5 57. Ka6 Kc5 58. Ka5 Kd4 59. Kb5 Ke3 60. Nh3 Nf4 61. Ng5 Ng6 62. Ne6 Ke4 63. Kc4 Ke5 64. Ng5 Kf4 65. Ne6+ Ke3 66. Kc3 Nf4 67.
Ng5 Ng6 68. Kc4 f4 69. Kd5 Nh4 70. Kc4 Nf3 71. Nh3 Nd2+ 72. Kc3 f3 73. Kc2 Ne4 74. Kc1 Ng5 75. Nxg5 f2 76. Kc2 f1=Q 77. Ne6 Qc4+ 78.
Kb2 Qxe6 79. Kc3 Qc6+ 80. Kb4 Kd4 81. Ka5 Qb7 82. Ka4 Kc4 83. Ka3 Qb3# 0-1

[Event "Late-Titled-Tuesday-Blitz-March-19-2024"]
[Site "Chess.com"]
[Date "2024.03.19"]
[Round "5"]
[White "dretch"]
[Black "Jospem"]
[Result "1-0"]
[WhiteElo "2898"]
[BlackElo "3053"]
[TimeControl "180+1"]
[EndTime "14:56:48 PDT"]
[Termination "dretch won by checkmate"]

1. d4 Nf6 2. c4 e6 3. Nc3 Bb4 4. Qc2 d6 5. Nf3 Nbd7 6. Bd2 c5 7. e3 b6 8. Nb5 Bxd2+ 9. Nxd2 O-O 10. Nxd6 cxd4 11.
exd4 e5 12. O-O-O exd4 13. Nf3 Nc5 14. Rxd4 Qc7 15. Be2 Be6 16. Rhd1 a6 17. Ng5 h6 18. Nxe6 Nxe6 19. R4d2 Rab8 20. Kb1 Qc5 21. Bf1 Rfd8 22. g3 Rd7 23. Ne4 Rxd2 24. Nxf6+ gxf6 25. Rxd2 Kg7 26.
Rd5 Qc7 27. Qe4 b5 28. Qg4+ Kf8 29. c5 Nxc5 30. Qh5 Rc8 31. Qxh6+ Ke7 32. Qd2 Kf8 33.
Bh3 Re8 34. Bf5 Re5 35. h4 Ke7 36. Rxe5+ Qxe5 37. Bc2 Ne6 38. a3 Ke8 39. Bd1 Qf5+ 40. Qc2 Qd5 41. Qc8+ Ke7 42. Qc2 Kf8 43. Be2 Kg7 44.
Qd3 Qe5 45. Qf3 f5 46. Bd3 Nd4 47. Qd1 a5 48. Qd2 b4 49. axb4 axb4 50. Qxb4 Qd5 51. Qc3 Kh6 52. Qc1+ Kg7 53. Bc2 Qe5 54. Qg5+ Kf8 55.
Qe3 Qd5 56. Qa3+ Kg7 57. Qd3 Qh1+ 58. Bd1 Qd5 59. b4 Kg8 60. Kb2 Qe5 61. Qc3 Qd5 62.
Bc2 Ne6 63. Bb3 Qg2 64. Bxe6 Qxf2+ 65. Qc2 Qd4+ 66. Qc3 Qf2+ 67. Kb3 fxe6 68. b5 Kf7 69. Qc7+ Kg6 70. b6 Qf3+ 71. Kb4 Qe4+ 72. Kb5 Qd3+ 73. Kc6 Qe4+ 74. Kd7 Qd5+ 75. Ke7 e5 76. Qd6+ Qxd6+ 77. Kxd6 e4 78. b7 e3 79. b8=Q e2 80. Qb4 e1=Q 81. Qxe1 f4 82. gxf4 Kf5 83. Qe5+ Kg4 84.
Qg5+ Kh3 85. Ke5 Kh2 86. Ke4 Kh1 87. Kf3 Kh2 88. Qg2# 1-0

[Event "Late-Titled-Tuesday-Blitz-March-19-2024"]
[Site "Chess.com"]
[Date "2024.03.19"]
[Round "5"]
[White "JoakimVonAnd"]
[Black "sergiochess83"]
[Result "0-1"]
[WhiteElo "2708"]
[BlackElo "2963"]
[TimeControl "180+1"]
[EndTime "14:56:51 PDT"]
[Termination "sergiochess83 won by checkmate"]

1. d4 Nf6 2. g3 d5 3. Bg2 Nbd7 4.
Nf3 Nb6 5. O-O Bf5 6. Nc3 e6 7.
Nh4 Bg4 8. h3 Bh5 9. g4 Bg6 10.
a4 a5 11. Bf4 Bd6 12. Bxd6 Qxd6 13. b3 c6 14. Qd2 O-O 15. Rad1 Ne4 16. Nxe4 Bxe4 17. f3 Qg3 18. fxe4 Qxh4 19. e5 c5 20. c3 c4 21. bxc4 Nxc4 22. Qd3 Nb2 23. Qb5 Nxd1 24.
Rxd1 h5 25. gxh5 Qxh5 26. Rf1 Rac8 27. Rf3 Qg5 28. Kh2 Qd2 29. Qxa5 Qxe2 30. Rg3 Qc4 31. Qb6 Qxa4 32. Qxb7 Qa5 33. Qb2 f5 34. exf6 Rxf6 35. Qd2 Qc7 36. h4 Rcf8 37. Qg5 R8f7 38. Kh3 Qf4 39. Qh5 Qf5+ 40. Qxf5 Rxf5 41. Re3 R7f6 42.
Re1 Rf2 43. Rb1 Rc2 44. Rb8+ Kh7 45. Rc8 Rf4 46. Rc5 Rd2 47. Rc6 Rf6 48. Kg3 Rd3+ 49.
Kh2 Kh6 50. Bh3 Re3 51. Bg2 Kh5 52. c4 dxc4 53. Rxc4 Kh6 54. Rc5 Rd3 55. d5 exd5 56.
Rxd5 Rxd5 57. Bxd5 Rd6 58. Bf3 Rd3 59. Kg3 Ra3 60. Kg4 Rb3 61. Kg3 Rb4 62. Kh3 Kg6 63. Kg3 Kf6 64. Bg4 Ke5 65. Bf3 Rd4 66. Be2 Ke4 67. Bh5 Kf5 68. Bf3 Rd3 69. Kg2 Kf4 70.
Be2 Rg3+ 71. Kh2 Ra3 72. Bh5 Ra2+ 73. Kh3 Ra3+ 74. Kh2 Rc3 75. Bd1 Rd3 76. Bh5 Rd5 77. Be2 Rd2 78. Kh3 Rxe2 79. h5 Rc2 80. h6 gxh6 81.
Kh4 Rh2# 0-1

[Event "Late-Titled-Tuesday-Blitz-March-19-2024"]
[Site "Chess.com"]
[Date "2024.03.19"]
[Round "5"]
[White "secretsuperstar7"]
[Black "angelgab3"]
[Result "0-1"]
[WhiteElo "2493"]
[BlackElo "2640"]
[TimeControl "180+1"]
[EndTime "14:56:52 PDT"]
[Termination "angelgab3 won by checkmate"]

1. c4 e6 2. Nc3 d5 3. cxd5 exd5 4. d4 Nf6 5. Bg5 c6 6. e3 h6 7. Bh4 Be7 8. Bd3 O-O 9. Nge2 Re8 10. O-O a5 11. Qc2 Na6 12. a3 Nc7 13. f3 Ne6 14. Rad1 b5 15. h3 Ba6 16. Bf2 b4 17. Na4 Bxd3 18. Qxd3 Rc8 19. e4 Nh5 20. Be3 c5 21.
dxc5 dxe4 22. Qxe4 Qc7 23. Qd5 Nxc5 24. Rc1 Nf6 25.
Qf5 Qd7 26. Qxd7 Ncxd7 27. Nd4 Rxc1 28. Bxc1 bxa3 29. bxa3 Nc5 30. Nc3 Nd3 31. Nf5 Bc5+ 32. Kh2 Nxc1 33. Rxc1 Bxa3 34. Rb1 h5 35. h4 g6 36. Nd4 Re3 37. Ncb5 Bc5 38. Nc6 Nd5 39.
Nxa5 Be7 40. Rd1 Nf4 41. Nc6 Bxh4 42. Rd4 Bg5 43. Rd7 Re2 44. Ncd4 Rxg2+ 45. Kh1 Rd2 46. Nc3 Nh3 47. Ne4 Nf2+ 48. Nxf2 Rxf2 49. Nc6 Rxf3 50. Nd4 Rd3 51. Rd6 Bf4 52. Rd8+ Kh7 53. Nc6 Rxd8 54. Nxd8 Kg7 55. Nc6 g5 56. Kg2 Kg6 57.
Ne7+ Kf6 58. Nd5+ Ke5 59. Ne7 g4 60. Nc6+ Kf5 61. Ne7+ Kg5 62. Nd5 Be5 63. Ne3 h4 64. Nc4 Bc7 65. Ne3 f5 66. Nd5 Bd8 67. Nc3 f4 68.
Ne4+ Kf5 69. Nd6+ Ke6 70. Ne4 Be7 71. Nd2 Kd5 72. Kf2 Bc5+ 73. Kg2 h3+ 74. Kh2 Bb4 75. Nf1 Ke4 76. Kg1 g3 77. Kh1 g2+ 78. Kg1 Bc5+ 79. Kh2 g1=Q+ 80. Kxh3 Qxf1+ 81. Kh4 Qg2 82. Kh5 Bf8 83.
Kh4 Be7+ 84. Kh5 Qg5# 0-1

[Event "Late-Titled-Tuesday-Blitz-March-19-2024"]
[Site "Chess.com"]
[Date "2024.03.19"]
[Round "5"]
[White "bazar-wokzal"]
[Black "ilushka"]
[Result "1/2-1/2"]
[WhiteElo "2551"]
[BlackElo "2388"]
[TimeControl "180+1"]
[EndTime "14:56:54 PDT"]
[Termination "Game drawn by repetition"]

1. e4 c6 2. d4 d5 3. e5 Bf5 4. Nf3 e6 5. Be2 c5 6. c4 dxc4 7. Bxc4 Nc6 8. d5 exd5 9. Qxd5 Qxd5 10. Bxd5 Nb4 11. Bb3 O-O-O 12. O-O Be6 13. Nc3 Ne7 14. Bxe6+ fxe6 15. Ng5 Rd7 16. Nxe6 Nec6 17. f4 g6 18. Ne4 b6 19. Bd2 Nc2 20. Rad1 Be7 21. Bc3 Ne3 22. Rxd7 Kxd7 23. Rf3 Nf5 24. N6g5 Bxg5 25.
Nxg5 Ke7 26. Rd3 h6 27. Ne4 Ncd4 28. Bxd4 Nxd4 29. g3 Ke6 30. Kf2 g5 31. Nd2 gxf4 32. gxf4 Kf5 33. Nf3 Kxf4 34. Nxd4 cxd4 35. Rxd4+ Kxe5 36.
Rd7 a5 37. Kg3 Rf8 38. Re7+ Kf5 39. Rb7 Rf6 40. Kh4 Rc6 41. Kh5 Ke4 42. h4 Kd3 43.
Rg7 Kc2 44. Rg6 Rxg6 45. Kxg6 Kxb2 46. Kxh6 Kxa2 47. h5 b5 48. Kg5 b4 49. h6 b3 50.
h7 b2 51. h8=Q b1=Q 52. Qa8 Qb5+ 53. Kh6 a4 54. Qg2+ Qb2 55. Qd5+ Qb3 56. Qd2+ Kb1 57. Qe1+ Kb2 58. Qd2+ Kb1 59. Qe1+ Kc2 60. Qe2+ Kc3 61. Qe3+ Kb2 62. Qd2+ Qc2 63. Qb4+ Ka2 64. Qf4 a3 65. Qf7+ Qb3 66. Qf2+ Qb2 67. Qf7+ Kb1 68. Kh5 Qh2+ 69. Kg4 Qg2+ 70. Kh4 Qe4+ 71. Kh5 a2 72. Qb3+ Ka1 73. Qc3+ Kb1 74. Qb3+ Ka1 75. Qc3+ Kb1 76. Qb3+ 1/2-1/2

[Event "Late-Titled-Tuesday-Blitz-March-19-2024"]
[Site "Chess.com"]
[Date "2024.03.19"]
[Round "5"]
[White "LangesNasenhaar"]
[Black "inagreV"]
[Result "0-1"]
[WhiteElo "2527"]
[BlackElo "2395"]
[TimeControl "180+1"]
[EndTime "14:57:03 PDT"]
[Termination "inagreV won on time"]

1. d4 Nf6 2. Nf3 e6 3. g3 d5 4. Bg2 b5 5. O-O Be7 6. a4 b4 7. c4 bxc3 8. Nxc3 O-O 9. Ne5 Nfd7 10. Bf4 Nxe5 11. Bxe5 Nd7 12. Bf4 c6 13. a5 Ba6 14.
Qa4 Rc8 15. Rfc1 c5 16. Be3 cxd4 17. Bxd4 Nc5 18. Bxc5 Rxc5 19. e3 Qb8 20. Rab1 Rfc8 21. Bf1 Bxf1 22. Rxf1 Rc4 23. Qa2 Bb4 24. Ne2 Qb5 25.
Ra1 Qa6 26. Nd4 R4c5 27. Nb3 Rc2 28. Nd4 R2c5 29. Nb3 Rc2 30. Qa4 Be7 31. Ra2 Qd3 32. Nd4 Rc1 33. Ra1 Rxf1+ 34. Rxf1 Bf6 35. Rd1 Qc4 36.
Qd7 h5 37. h4 g6 38. Nxe6 fxe6 39. Qxe6+ Kg7 40. Rxd5 Qc1+ 41. Kg2 Qc6 42. Qd7+ Kh6 43. b4 Bc3 44. b5 Qxd7 45. Rxd7 Bxa5 46. Rxa7 Bb4 47.
Rb7 Bc5 48. Kf3 g5 49. hxg5+ Kxg5 50. Ke2 Kg4 51. Rg7+ Kf5 52. Rh7 Kg6 53. Rb7 Kg5 54. Rg7+ Kf6 55. Rh7 Kg6 56. Rb7 Kg5 57. Rd7 Kg4 58.
Rd5 Bb6 59. Re5 Rb8 60. Re4+ Kg5 61. Re5+ Kg6 62. Rd5 Bc7 63. Kf3 Rb6 64. Kg2 Bd6 65. f3 Kh6 66. e4 Kg6 67. Kh3 Be7 68. g4 hxg4+ 69. Kxg4 Kf6 70. f4 Ke6 71. Re5+ Kf6 72.
Rd5 Ke6 73. Kf3 Bc5 74. f5+ Kf6 75. Kf4 Bb4 76. e5+ Ke7 77. e6 Bd6+ 78. Ke4 Rb8 79. Kd4 Ra8 80. Kc4 Ra4+ 81. Kb3 Rb4+ 82. Kc3 Rf4 83. b6 Rf1 84. Rb5 Rc1+ 85. Kd4 Rc8 0-1

[Event "Late-Titled-Tuesday-Blitz-March-19-2024"]
[Site "Chess.com"]
[Date "2024.03.19"]
[Round "5"]
[White "Kampkatten"]
[Black "CuteSheepCloud"]
[Result "1-0"]
[WhiteElo "2848"]
[BlackElo "2651"]
[TimeControl "180+1"]
[EndTime "14:57:06 PDT"]
[Termination "Kampkatten won by checkmate"]

1. Nf3 Nf6 2. g3 g6 3. b3 Bg7 4. Bb2 d5 5. c4 c6 6. Bg2 O-O 7.
O-O Re8 8. d4 Nbd7 9. cxd5 cxd5 10. Nc3 Nb6 11. Rc1 Bf5 12. Nb5 a6 13. Nc7 Ne4 14.
Nxa8 Nxa8 15. Qe1 Qb6 16. Ne5 f6 17. Nd3 Bh6 18. Rc2 Nc7 19. Qb4 Qxb4 20. Nxb4 Nb5 21.
g4 Bxg4 22. Nxd5 Bf5 23. Ne3 Bxe3 24. fxe3 Kf7 25. Rcc1 Rd8 26. a4 Nbd6 27. Ba3 Nd2 28. Rfd1 Nxb3 29. Rc7 Na5 30. Bb4 Nac4 31. e4 Ne3 32.
exf5 Nxd1 33. Bd5+ Kf8 34. fxg6 hxg6 35. e4 Ne3 36.
Be6 Re8 37. Kf2 Nd1+ 38. Ke2 Nb2 39. Bb3 Nxe4 40. Ba3 b5 41. Bxb2 bxa4 42. Bxa4 Rd8 43. Ke3 Nd6 44. Ba3 Nf5+ 45. Kf2 Rxd4 46. Bc2 Rd2+ 47.
Ke1 Rxh2 48. Bxf5 gxf5 49. Bxe7+ Ke8 50. Bxf6 a5 51. Ra7 Rh6 52. Bg5 Rh1+ 53. Kf2 Ra1 54. Bf6 Ra2+ 55. Ke3 a4 56. Kf4 Rf2+ 57. Ke5 Re2+ 58.
Kxf5 a3 59. Rxa3 Kd7 60. Rd3+ Kc6 61. Be5 Rf2+ 62. Ke6 Rf8 63. Rc3+ Kb5 64. Kd5 Rd8+ 65. Bd6 Rh8 66. Rb3+ Ka4 67. Rb4+ Ka5 68. Rb1 Rh5+ 69. Kc6 Ka4 70. Rb4+ Ka5 71. Rb3 Ka6 72. Rb2 Ra5 73.
Rb8 Ka7 74. Rh8 Ra6+ 75. Kc7 Ra5 76. Kc6 Ra6+ 77. Kc7 Ra5 78. Rg8 Rb5 79. Kc6 Rb6+ 80. Kc5 Rb7 81. Rg2 Rh7 82. Kc6 Ka8 83. Ra2+ Ra7 84.
Rg2 Ra6+ 85. Kc7 Ra7+ 86. Kb6 Rb7+ 87. Kc6 Rb1 88. Rg8+ Ka7 89. Bc5+ Ka6 90. Ra8# 1-0

[Event "Late-Titled-Tuesday-Blitz-March-19-2024"]
[Site "Chess.com"]
[Date "2024.03.19"]
[Round "5"]
[White "marcodobrikov"]
[Black "Angry_Twin"]
[Result "1-0"]
[WhiteElo "2716"]
[BlackElo "2926"]
[TimeControl "180+1"]
[EndTime "14:57:08 PDT"]
[Termination "marcodobrikov won by resignation"]

1. e4 c5 2. Nf3 d6 3. d4 cxd4 4. Nxd4 Nf6 5. Nc3 a6 6. h3 e6 7. g4 h6 8. Bg2 Nc6 9. O-O Nxd4 10. Qxd4 e5 11. Qd3 g5 12. Be3 Be7 13. Rfd1 Be6 14. Nd5 Bxd5 15. exd5 Nd7 16. Be4 Qc7 17. c4 a5 18. b3 b6 19. Bf5 Nc5 20. Qc2 Kf8 21. a3 a4 22. b4 Nb3 23. Ra2 Bf6 24. Qd3 Kg7 25. Rc2 Rad8 26. Kg2 Nd4 27. Bxd4 exd4 28. Re1 Be5 29. f3 Rhe8 30. Re4 Bf6 31. Rce2 Rxe4 32. Bxe4 Be5 33. Rc2 Qe7 34. Bf5 Re8 35. Re2 Qc7 36. h4 Qe7 37. Re1 Rh8 38. h5 Re8 39. Qc2 Qa7 40. Bd3 Re7 41. Re4 Rc7 42. Qe2 f6 43. Qd1 b5 44. cxb5 Rc3 45. Re2 Rxa3 46. Rd2 Rc3 47.
Qe2 Rc8 48. Qe4 Kg8 49. Qg6+ Qg7 50. Qf5 Rb8 51. Ra2 Qa7 52. Qg6+ Qg7 53. Rxa4 Qxg6 54. hxg6 Kg7 55. Ra7+ Kh8 56. Ra6 Kg7 57. Rc6 Bf4 58.
b6 Be5 59. Ba6 Kxg6 60. b7 f5 61. Rc8 Rxb7 62. Bxb7 d3 63. Ba6 d2 64. Be2 h5 65.
gxf5+ Kxf5 66. b5 Bd4 67. Rc6 Ke5 68. b6 Kxd5 69. b7 Ba7 70. Rc8 Kd4 71. b8=Q Bxb8 72. Rxb8 Ke3 73. Kf1 h4 74. Rg8 Kf4 75. Rh8 Kg3 76.
Rh5 Kf4 77. Kf2 d5 78. Rh8 d4 79. Rf8+ Ke5 80. Bd1 Ke6 81. f4 gxf4 82. Rxf4 h3 83.
Rxd4 h2 84. Kg2 Ke5 85. Rxd2 Kf4 86. Kxh2 Ke3 87. Ra2 Kd3 88. Bg4 Kc3 89. Kg3 1-0